 Dungeon Crawl Stone Soup version 0.27.1-2-g3b301248ec (console) character file.

Game seed: 12084675071223955178

43 om the Sneak (level 3, -1/19 HPs)
             Began as a Kobold Enchanter on Sept 24, 2021.
             Slain by a kobold (3 damage)
             ... on level 2 of the Dungeon.
             The game lasted 00:04:53 (1942 turns).

om the Sneak (Kobold Enchanter)                     Turns: 1942, Time: 00:04:54

Health: -1/19      AC:  2    Str:  6    XL:     3   Next: 82%
Magic:  3/6        EV: 15    Int: 16    God:
Gold:   64         SH:  0    Dex: 15    Spells: 1/7 levels left

rFire    . . .     SeeInvis .   f - +4 short sword
rCold    . . .     Faith    .   (shield restricted)
rNeg     . . .     Spirit   .   b - +0 robe
rPois    .         Reflect  .   (no helmet)
rElec    .         Harm     .   (no cloak)
rCorr    .         Rampage  .   (no gloves)
Will     +....                  (no boots)
Stlth    ++++......             (no amulet)
HPRegen  0.06/turn              e - ring of willpower
MPRegen  0.10/turn              g - ring of wizardry

@: very slightly contaminated
A: small, no large weapons, nightstalker 3
a: no special abilities


You were on level 2 of the Dungeon.
You visited 1 branch of the dungeon, and saw 2 of its levels.

You collected 64 gold pieces.

Inventory:

Hand Weapons
 a - a +1 dagger
 f - a +4 short sword (weapon)
Armour
 b - a +0 robe (worn)
 h - a +0 leather armour
Jewellery
 e - a ring of willpower (left hand)
 g - a ring of wizardry (right hand)
Scrolls
 c - a scroll of identify
 d - 2 scrolls of enchant armour {unknown}
Potions
 i - a potion of ambrosia


   Skills:
 - Level 0.1 Fighting
 * Level 4.0 Short Blades
 - Level 2.4 Dodging
 - Level 4.0 Stealth
 + Level 2.5 Spellcasting
 - Level 3.0 Hexes
 - Level 0.1 Ice Magic


You had one spell level left.
You knew the following spells:

 Your Spells              Type           Power      Damage    Failure   Level
a - Corona                Hex            12%        N/A       2%          1
b - Ensorcelled Hibernat  Hex/Ice        14%        N/A       6%          2
c - Confusing Touch       Hex            11%        N/A       7%          3

Your spell library contained the following spells:

 Spells                   Type           Power      Damage    Failure   Level
 Tukima's Dance           Hex            11%        N/A       7%          3
 Static Discharge         Conj/Air       2%         N/A       12%         2
 Dazzling Flash           Conj/Hex       12%        N/A       13%         3
 Dispel Undead            Necr           2%         3d7       58%         4
 Sticky Flame             Conj/Fire      2%         2d3       58%         4


Dungeon Overview and Level Annotations

Branches:
Dungeon (2/15)

Altars:


Innate Abilities, Weirdness & Mutations

You are small and have problems with some larger weapons.
You are completely attuned to the shadows.


Message History

The kobold is severely wounded.
The kobold hits you with a +1 dagger of flaming.
* * * LOW HITPOINT WARNING * * *
The kobold burns you.
* * * LOW HITPOINT WARNING * * *
Casting: Ensorcelled Hibernation (safe; 6% risk of failure)
Confirm with . or Enter, or press ? or * to list all spells.
Okay, then.
There is a stone staircase leading down here.
Casting: Ensorcelled Hibernation (safe; 6% risk of failure)
Confirm with . or Enter, or press ? or * to list all spells.
Okay, then.
Casting: Ensorcelled Hibernation (safe; 6% risk of failure)
Confirm with . or Enter, or press ? or * to list all spells.
Aiming: Ensorcelled Hibernation (safe; 6% risk of failure)
Press: ? - help, Shift-Dir - straight line, f/p - kobold
Aim: a kobold, wielding a +1 dagger of flaming (moderately wounded, chance to affect: 56%)
You miscast Ensorcelled Hibernation.
You are very lightly contaminated with residual magic.
Nothing appears to happen.
The kobold hits you with a +1 dagger of flaming.
* * * LOW HITPOINT WARNING * * *
The kobold burns you.
* * * LOW HITPOINT WARNING * * *
Press: ? - help, v - describe, . - travel
Here: a kobold, wielding a +1 dagger of flaming (moderately wounded)
The floor.
Unknown command.
Okay, then.
Your magical contamination has completely faded away.
Casting: Ensorcelled Hibernation (safe; 6% risk of failure)
Confirm with . or Enter, or press ? or * to list all spells.
Aiming: Ensorcelled Hibernation (safe; 6% risk of failure)
Press: ? - help, Shift-Dir - straight line, f/p - kobold
Aim: a kobold, wielding a +1 dagger of flaming (chance to affect: 56%)
You miscast Ensorcelled Hibernation.
You are very lightly contaminated with residual magic.
Nothing appears to happen.
The kobold hits you with a +1 dagger of flaming.
You die...

########## #........#
#.######.# ##.## #.#
########...## #.#
##........#..# #.#
#...#####....# #.#######
#...# ##.#.# #..>....w
##...#### #.#.## ########.
........###....##########.
.........@K............##.
.........###...###.###.#.#
##...##..# ##.####.###..##
#...##..### .###...##.##
#.......... #...#.###.##
.###..### #.#...# ##.#
#..# #.##### ##. .###..#
#.# #. .....># #.# #.
####.## #.# ## #.# #.#


You could see a kobold.

Vanquished Creatures
  An adder (D:2)
  2 dart slugs (D:1)
  A bat (D:1)
  An endoplasm (D:1)
  2 giant cockroaches
  4 goblins (D:1)
  A hobgoblin (D:2)
  4 jackals (D:2)
  A quokka (D:2)
  2 ball pythons
  A frilled lizard (D:1)
  6 kobolds (D:1)
  3 rats (D:1)
29 creatures vanquished.

Notes
Turn   | Place    | Note
-------+----------+-------------------------------------------
     0 | D:1      | om the Kobold Enchanter began the quest for the Orb.
     0 | D:1      | Reached XP level 1. HP: 10/10 MP: 3/3
    63 | D:1      | You fall into a shaft and drop 1 floor!
   144 | D:1      | Reached XP level 2. HP: 7/15 MP: 1/5
   187 | D:1      | Learned a level 2 spell: Ensorcelled Hibernation
   820 | D:1      | Reached XP level 3. HP: 19/19 MP: 6/6
  1492 | D:1      | Found a faded altar of an unknown god.
  1679 | D:2      | Learned a level 3 spell: Confusing Touch
  1942 | D:2      | Slain by a kobold

Illustrated notes

Levels and vault maps discovered:
D:1:      wander_arrival_chamber, layout_basic,
          chequers_ecumenical_altar_island, minmay_domino_4
D:2:      layout_loops_ring, minmay_misc_feat_x,
          amcnicky_mini_rare_corridor_liquid

Skill      XL: |  1  2  3 |
---------------+----------+-----
Short Blades   | 2 3 4 |  4.0
Fighting       | |  0.1
Dodging        | |  2.4
Stealth        | |  4.0
Spellcasting   | |  2.5
Hexes          | |  3.0
Ice Magic      | |  0.1

Action                   || total
-------------------------++-------
Melee: Dagger            ||    42
       Short sword       ||    15
 Cast: Corona            ||     2
       Ensorcelled Hiber ||    12
  Use: Scroll            ||     1
 Stab: Sleeping          ||    22
Armor: Robe              ||     9
Dodge: Dodged            ||    36
